 Dungeon Crawl Stone Soup version 0.25-a0-340-ga1faa1601d (webtiles) character file.

Game seed: 8954473040949671864, levelgen mode: deterministic

328 sankara the Poker (level 6, -2/56 HPs)
             Began as a Naga Monk on Dec 29, 2019.
             Slain by Duvessa
             ... wielding a +0 short sword
              (11 damage)
             ... on level 4 of the Dungeon.
             The game lasted 00:16:33 (3399 turns).

sankara the Poker (Naga Monk)                       Turns: 3399, Time: 00:16:34

Health: -2/56      AC:  7    Str: 20    XL:     6   Next: 50%
Magic:  0/6        EV:  9    Int: 10    God:
Gold:   150        SH:  0    Dex: 13    Spells: 5/5 levels left

rFire    . . .     SeeInvis +   a - +0 spear
rCold    . . .     Gourm    .   (no shield)
rNeg     . . .     Faith    .   k - +0 ring mail
rPois    +         Spirit   +   (no helmet)
rElec    .         Reflect  .   m - +1 cloak
rCorr    .         Harm     .   f - +0 pair of gloves
MR       .....                  (no barding)
Stlth    ++........             n - amulet of guardian spirit {Spirit}
HPRegen  0.18/turn              e - +4 ring of strength
MPRegen  0.10/turn              (no ring)

@: hasted, quick
A: large, see invisible, deformed body, poison resistance, slowness 2, slow
metabolism 1, spit poison 1, AC +2
a: Spit Poison


You were on level 4 of the Dungeon.
You were hungry.

You visited 1 branch of the dungeon, and saw 4 of its levels.

You collected 150 gold pieces.

Inventory:

Hand Weapons
 a - a +0 spear (weapon)
 b - a +0 dagger of draining (quivered)
   (You took it off a kobold on level 2 of the Dungeon)
Armour
 f - a +0 pair of gloves (worn)
   (You found it on level 1 of the Dungeon)
 k - a +0 ring mail (worn)
   (You found it on level 1 of the Dungeon)
 m - a +1 cloak (worn)
   (You found it on level 2 of the Dungeon)
Jewellery
 e - a +4 ring of strength (left hand)
   (You found it on level 1 of the Dungeon)
 n - an amulet of guardian spirit (around neck) {Spirit}
   (You found it on level 1 of the Dungeon)
Scrolls
 i - a scroll of amnesia {unknown}
 l - a scroll of enchant armour {unknown}
 o - a scroll of teleportation {unknown}
 q - a scroll of remove curse
 t - 2 scrolls of identify
 u - 2 scrolls of magic mapping {unknown}
Potions
 d - 5 potions of curing
 g - 2 potions of brilliance {unknown}
 h - 2 potions of haste
 j - 2 potions of magic {unknown}
 p - a potion of mutation {unknown}
Comestibles
 c - 7 rations
 r - 2 chunks of flesh {@w0}


   Skills:
 - Level 3.0 Fighting
 * Level 7.1 Polearms
 - Level 2.4 Dodging
 - Level 3.0 Stealth


You had 5 spell levels left.
You didn't know any spells.
Your spell library was empty.

Dungeon Overview and Level Annotations

Branches:
Dungeon (4/15)
 Temple: D:4-7

Altars:
Gozag

Annotations:
D:3 2 transporters, TheNamelessOne's ghost, amateur OpAE
D:4 Duvessa


Innate Abilities, Weirdness & Mutations

You cannot wear boots.
Your serpentine skin is tough. (AC +2)
You have supernaturally acute eyesight. (SInv)
Armour fits poorly on your strangely shaped body.
Your system is resistant to poisons. (rPois)
You cover ground very slowly.
You have a slow metabolism.
You can spit poison.


Message History

The worker ant is heavily wounded.
The worker ant bites you.
You hit the worker ant.
The worker ant is severely wounded.
The worker ant barely misses you.
You hit the worker ant but do no damage.
The worker ant is severely wounded.
You hit the worker ant but do no damage.
The worker ant is severely wounded.
The worker ant bites you.
You hit the worker ant but do no damage.
The worker ant is severely wounded.
The worker ant barely misses you.
You hit the worker ant.
You kill the worker ant!
No target in view!
No target in view!
No target in view!
You see here a worker ant corpse.
You butcher the worker ant corpse.
r - 2 chunks of flesh {@w0} Dowan, Brother of Duvessa comes into view.
He is wielding a +0 dagger.
Dowan is nearby!
Press: ? - help, Shift-Dir - straight line, f - Dowan
Aim: Dowan, wielding a +0 dagger and wearing a +0 robe The splash of poison hits Dowan.
Dowan is lightly wounded.
You feel slightly more hungry.
Attack whom?
Press: ? - help, Dir - move target cursor, f/p - Dowan
Aim: Dowan, wielding a +0 dagger and wearing a +0 robe (lightly wounded)
You reach to attack!
You puncture Dowan!
Dowan is heavily wounded.
Attack whom?
Press: ? - help, Dir - move target cursor, f/p - Dowan
Aim: Dowan, wielding a +0 dagger and wearing a +0 robe (heavily wounded)
You reach to attack!
You hit Dowan.
Dowan is severely wounded.
You hit Dowan but do no damage.
Dowan is severely wounded.
Dowan hits you but does no damage.
You hit Dowan.
Dowan is severely wounded.
Dowan closely misses you.
You hit Dowan.
Dowan is almost dead.
Dowan smirks and points a slender finger.
Dowan hits you but does no damage.
You barely miss Dowan.
Dowan is almost dead.
You hit Dowan.
You kill Dowan!
You hear a distant scream of rage.
Your Polearms skill increases to level 7!
You have got your breath back.
No target in view!
Duvessa, Sister of Dowan comes into view.
She is wielding a +0 short sword.
Duvessa goes berserk!
Duvessa rages.
Duvessa moves out of view.
Things that are here:
a +0 dagger; a +0 robe Duvessa rages.
Duvessa closely misses you.
Press: ? - help, Shift-Dir - straight line, f - Duvessa
Aim: Duvessa, wielding a +0 short sword and wearing a +0 chain mail (berserk, fast, unusually strong)
The splash of poison hits Duvessa but does no damage.
Duvessa is poisoned.
You are feeling hungry.
Duvessa barely misses you. Duvessa hits you but does no damage.
You barely miss Duvessa. Duvessa barely misses you.
You hit Duvessa.
Duvessa is lightly wounded.
Duvessa hits you with a +0 short sword!
You hit Duvessa.
Duvessa is lightly wounded.
Duvessa hits you but does no damage.
You hit Duvessa but do no damage.
Duvessa is lightly wounded.
Duvessa hits you with a +0 short sword!
You are too injured to fight recklessly!
You are too injured to fight recklessly!
You are too injured to fight recklessly!
You are too injured to fight recklessly!
You hit Duvessa but do no damage.
Duvessa is lightly wounded.
Duvessa hits you with a +0 short sword.
You hit Duvessa.
Duvessa is moderately wounded.
You have got your breath back.
Duvessa hits you with a +0 short sword!
You hit Duvessa but do no damage.
Duvessa is moderately wounded.
Duvessa hits you with a +0 short sword.
* * * LOW HITPOINT WARNING * * *
Duvessa hits you with a +0 short sword.
* * * LOW HITPOINT WARNING * * *
It was a potion of haste.
You feel yourself speed up.
Duvessa looks more healthy.
Duvessa hits you with a +0 short sword!
You die...

..... .....######
..........# ..
.......)..# ...
..........########...
.....................
#####.............#####
######e.......#...#
#@.......#...#
#........#...#
#........#..>#
###+########........#...#
#.............#######...#
#.............#.........#
#.............#.........#
#.............#.........#
+.............'...##'####


You could see Duvessa (berserk).

Vanquished Creatures
  A scorpion (D:4)
  Dowan (D:4)
  A hound (D:4)
  3 orc wizards (D:4)
  A worker ant (D:4)
  An adder (D:2)
  An ooze (D:2)
  2 worms (D:2)
  3 dart slugs (D:1)
  A leopard gecko (D:2)
  3 orcs
  5 bats
  7 giant cockroaches
  8 goblins
  6 hobgoblins
  3 jackals (D:3)
  5 kobolds
  A quokka (D:3)
  3 ball pythons
  5 frilled lizards
  A jackal skeleton (D:4)
  7 rats
69 creatures vanquished.

Vanquished Creatures (others)
  6 plants (D:3)
6 creatures vanquished.

Grand Total: 75 creatures vanquished

Notes
Turn   | Place    | Note
-------+----------+-------------------------------------------
     0 | D:1      | sankara the Naga Monk began the quest for the Orb.
     0 | D:1      | Reached XP level 1. HP: 21/21 MP: 1/1
   235 | D:1      | Reached XP level 2. HP: 28/28 MP: 2/2
   495 | D:1      | HP: 7/28 [bat (1)]
   502 | D:1      | HP: 5/28 [giant cockroach (1)]
   516 | D:1      | HP: 3/42 [kobold (2)]
   517 | D:1      | Reached skill level 4 in Polearms
  1039 | D:1      | Reached XP level 3. HP: 34/34 MP: 3/3
  1588 | D:2      | Reached XP level 4. HP: 41/42 MP: 4/4
  1709 | D:2      | Found an opulent altar of Gozag.
  1787 | D:2      | Reached skill level 5 in Polearms
  2283 | D:3      | Found a transporter.
  2458 | D:3      | Found a transporter.
  2563 | D:3      | Noticed TheNamelessOne's ghost (amateur OpAE)
  2815 | D:4      | Reached XP level 5. HP: 29/49 MP: 2/5
  2886 | D:4      | Reached skill level 6 in Polearms
  3080 | D:4      | HP: 11/49 [orc wizard/+0 dagger (4)]
  3083 | D:4      | Reached XP level 6. HP: 12/56 MP: 1/6
  3089 | D:4      | HP: 11/56 [orc wizard/+0 dagger (2)]
  3375 | D:4      | Noticed Dowan
  3384 | D:4      | Killed Dowan
  3384 | D:4      | Reached skill level 7 in Polearms
  3385 | D:4      | Noticed Duvessa
  3398 | D:4      | HP: 11/56 [Duvessa/+0 short sword (6)]
  3399 | D:4      | Slain by Duvessa

Levels and vault maps discovered:
D:1:      minmay_arrival_jagged, layout_basic, minmay_split_cup_large
D:2:      layout_loops_cross, nicolae_gozag_cash_rules_everything_around_me
D:3:      layout_basic, first_ration, gammafunk_ghost_gnarly_gnolls
D:4:      layout_gridville, uniq_duvessa

Skill      XL: |  1  2  3  4  5  6 |
---------------+-------------------+-----
Polearms       | 4 5 6 7 |  7.1
Fighting       | |  3.0
Dodging        | |  2.4
Stealth        | |  3.0

Action                   |  1- 3 |  4- 6 || total
-------------------------+-------+-------++-------
Melee: Spear             |   144 |   198 ||   342
 Abil: Spit Poison       |       |     4 ||     4
  Use: Scroll            |     3 |       ||     3
       Potion            |     2 |     2 ||     4
 Stab: Sleeping          |     8 |     4 ||    12
       Distracted        |       |     1 ||     1
  Eat: Chunk             |     1 |     5 ||     6
Armor: Robe              |    20 |       ||    20
       Skin              |     7 |       ||     7
       Ring mail         |    11 |    54 ||    65
Dodge: Dodged            |    69 |    82 ||   151

Table legend:
 A = Non-vault XP
 B = Vault XP
 C = Vault XP percentage of total XP
 D = Non-vault monster count
 E = Vault monster count
 F = Vault count percentage of total count
                 A         B        C        D         E       F
            +---------+---------+-------+---------+---------+-------
      Total |     393 |      76 |  16.2 |      64 |       5 |   7.2
            +---------+---------+-------+---------+---------+-------
        D:1 |      38 |       7 |  15.6 |      18 |       4 |  18.2
        D:2 |      60 |       0 |   0.0 |      23 |       0 |   0.0
        D:3 |      22 |       0 |   0.0 |      14 |       0 |   0.0
        D:4 |     273 |      69 |  20.2 |       9 |       1 |  10.0
            +---------+---------+-------+---------+---------+-------

Levels and vault maps discovered:
D:1:      minmay_arrival_jagged, layout_basic, minmay_split_cup_large
D:2:      layout_loops_cross, nicolae_gozag_cash_rules_everything_around_me
D:3:      layout_basic, first_ration, gammafunk_ghost_gnarly_gnolls
D:4:      layout_gridville, uniq_duvessa

Table legend:
 A = Turns spent in this place as a percentage of turns spent in the entire game.
 B = Non-inter-level travel turns spent in this place as a percentage of non-inter-level travel turns spent in the entire game.
 C = Inter-level travel turns spent in this place as a percentage of turns spent in this place.
 D = Turns resting spent in this place as a percentage of non-inter-level travel turns spent in this place.
 E = Turns spent auto-exploring this place as a percentage of non-inter-level travel turns spent in this place.
 F = Non-inter-level travel turns spent in this place divided by the number of levels of this place that you've seen.
                   A       B       C       D       E      F
               +-------+-------+-------+-------+-------+----------------------
         Total | 100.0 | 100.0 |   1.3 |  28.9 |  49.1 | 838.8
       Dungeon | 100.0 | 100.0 |   1.3 |  28.9 |  49.1 | 838.8
               +-------+-------+-------+-------+-------+----------------------

Table legend:
 A = Kills in this place as a percentage of kills in entire the game.
 B = Kills by you in this place as a percentage of kills by you in the entire game.
 C = Kills by friends in this place as a percentage of kills by friends in the entire game.
 D = Other kills in this place as a percentage of other kills in the entire game.
 E = Experience gained in this place as a percentage of experience gained in the entire game.
 F = Experience gained in this place divided by the number of levels of this place that you have seen.
                   A       B       C       D       E      F
               +-------+-------+-------+-------+-------+----------------------
         Total | 100.0 | 100.0 |   N/A |   N/A | 100.0 | 117.2
       Dungeon | 100.0 | 100.0 |   N/A |   N/A | 100.0 | 117.2
               +-------+-------+-------+-------+-------+----------------------
